SR
NEWCASTLE MERMEN @ GERMANTOWN URUGUAYANS
06/26/2033
 
TOP OF THE 1ST
Newcastle Mermen batting - Pitching for Germantown Uruguayans : RHP Owen Schultz
Pitching: RHP Owen Schultz
Batting: SHB José García 0-0: Foul Ball, location: 2F
0-1: Swinging Strike
0-2: Strikes out swinging
Batting: LHB Carlos Guzmán 0-0: Ground out U3 (Groundball, 3L)
Batting: RHB Seung-hwan Pak 0-0: Swinging Strike
0-1: SOLO HOME RUN (Flyball, 7D), Distance : 384 ft
Batting: LHB Jorge Castillo 0-0: Called Strike
0-1: Ball
1-1: Ball
2-1: Ball
3-1: Foul Ball, location: 2F
3-2: Foul Ball, location: 2F
3-2: Ground out 6-3 (Groundball, 6)
Top of the 1st over - 1 run, 1 hit, 0 errors, 0 left on base; Newcastle 1 - Germantown 0
BOTTOM OF THE 1ST
Germantown Uruguayans batting - Pitching for Newcastle Mermen : RHP Billy Sipple
Pitching: RHP Billy Sipple
Batting: RHB Kian Curling 0-0: Ball
1-0: Foul Ball, location: 2F
1-1: Foul Ball, location: 2F
1-2: Strikes out swinging
Batting: RHB Joshua Neal 0-0: Ball
1-0: Ground out 6-3 (Groundball, 6)
Batting: RHB Alain Grosjean 0-0: Ball
1-0: Foul Ball, location: 2F
1-1: DOUBLE (Line Drive, 9LM)
Batting: RHB Meester Gobbles-Rooster 0-0: Ball
1-0: Swinging Strike
1-1: Foul Ball, location: 2F
1-2: SINGLE (Flyball, 6MD)
Alain Grosjean to third
Runner from 3rd tries for Home, SAFE, throw made home
Batting: LHB Felipe Dávila 0-0: Swinging Strike
0-1: Swinging Strike
0-2: Ball
1-2: Ball
2-2: Strikes out swinging
Bottom of the 1st over - 1 run, 2 hits, 0 errors, 1 left on base; Newcastle 1 - Germantown 1
TOP OF THE 2ND
Newcastle Mermen batting - Pitching for Germantown Uruguayans : RHP Owen Schultz
Batting: RHB Jasa Anastasijevic 0-0: Ball
1-0: Ball
2-0: Ball
3-0: Base on Balls
Batting: RHB Jesús Amengual 0-0: Called Strike
0-1: Ball
1-1: Foul Ball, location: 2F
1-2: Ball
2-2: Strikes out swinging
Batting: RHB Roberto Díaz 0-0: Ball
1-0: Called Strike
1-1: Foul Ball, location: 2F
1-2: Foul Ball, location: 2F
1-2: Ball
2-2: Ball
3-2: Grounds into double play, 5-4-3 (Groundball, 56)
Top of the 2nd over - 0 runs, 0 hits, 0 errors, 0 left on base; Newcastle 1 - Germantown 1
BOTTOM OF THE 2ND
Germantown Uruguayans batting - Pitching for Newcastle Mermen : RHP Billy Sipple
Batting: LHB Juan Gutiérrez 0-0: Ball
1-0: Swinging Strike
1-1: Ball
2-1: Ball
3-1: Foul Ball, location: 2F
3-2: Strikes out looking
Batting: RHB Conor Culver 0-0: Ball
1-0: DOUBLE (Line Drive, 7LD)
Batting: RHB Bill Richmond 0-0: Called Strike
0-1: Swinging Strike
0-2: Ball
1-2: Foul Ball, location: 2F
1-2: Foul Ball, location: 2F
1-2: Foul Ball, location: 2F
1-2: Ball
2-2: Ball
3-2: Fly out, F9 (Line Drive, 9LS)
Batting: RHB José Ortega 0-0: Called Strike
0-1: Called Strike
0-2: Foul Ball, location: 2F
0-2: Foul Ball, location: 2F
0-2: Ball
1-2: Fly out, F4 (Line Drive, 34D)
Bottom of the 2nd over - 0 runs, 1 hit, 0 errors, 1 left on base; Newcastle 1 - Germantown 1
TOP OF THE 3RD
Newcastle Mermen batting - Pitching for Germantown Uruguayans : RHP Owen Schultz
Batting: RHB Arthur Coonse 0-0: Ball
1-0: Called Strike
1-1: Fly out, F6 (Line Drive, 6)
Batting: RHB Tom Matthews 0-0: Foul Ball, location: 2F
0-1: Ball
1-1: Called Strike
1-2: Foul Ball, location: 2F
1-2: Strikes out swinging
Batting: SHB José García 0-0: Reached on error, E3 (Groundball, 3)
Batting: LHB Carlos Guzmán 0-0: Foul Ball, location: 2F
0-1: Ball
1-1: Ball
2-1: Foul Ball, location: 2F
2-2: Strikes out swinging
Top of the 3rd over - 0 runs, 0 hits, 1 error, 1 left on base; Newcastle 1 - Germantown 1
BOTTOM OF THE 3RD
Germantown Uruguayans batting - Pitching for Newcastle Mermen : RHP Billy Sipple
Batting: RHB Kian Curling 0-0: Ground out 4-3 (Groundball, 34)
Batting: RHB Joshua Neal 0-0: Ball
1-0: Called Strike
1-1: Ball
2-1: Foul Ball, location: 2F
2-2: Ball
3-2: Foul Ball, location: 2F
3-2: Fly out, F5 (Line Drive, 56)
Batting: RHB Alain Grosjean 0-0: Ball
1-0: Foul Ball, location: 2F
1-1: Called Strike
1-2: Foul Ball, location: 2F
1-2: SINGLE (Groundball, 56D)
Batting: RHB Meester Gobbles-Rooster 0-0: Ball
1-0: Ball
2-0: Called Strike
2-1: Foul Ball, location: 2F
2-2: Foul Ball, location: 2F
2-2: Ball
3-2: Reached on error, E5 (Groundball, 5S)
Alain Grosjean to third
Batting: LHB Felipe Dávila 0-0: Foul Ball, location: 2F
0-1: Called Strike
0-2: SINGLE (Line Drive, 89M)
Alain Grosjean scores
Meester Gobbles-Rooster to third
Batting: LHB Juan Gutiérrez 0-0: Ball
1-0: Ball
2-0: Fly out, F7 (Flyball, 7)
Bottom of the 3rd over - 1 run, 2 hits, 1 error, 2 left on base; Newcastle 1 - Germantown 2
TOP OF THE 4TH
Newcastle Mermen batting - Pitching for Germantown Uruguayans : RHP Owen Schultz
Batting: RHB Seung-hwan Pak 0-0: Called Strike
0-1: Ball
1-1: Ball
2-1: Foul Ball, location: 2F
2-2: Ball
3-2: Fly out, F9 (Flyball, 9)
Batting: LHB Jorge Castillo 0-0: Fly out, F7 (Line Drive, 7)
Batting: RHB Jasa Anastasijevic 0-0: SOLO HOME RUN (Flyball, 7D), Distance : 387 ft
Batting: RHB Jesús Amengual 0-0: Called Strike
0-1: Ball
1-1: Ground out 5-3 (Groundball, 56)
Top of the 4th over - 1 run, 1 hit, 0 errors, 0 left on base; Newcastle 2 - Germantown 2
BOTTOM OF THE 4TH
Germantown Uruguayans batting - Pitching for Newcastle Mermen : RHP Billy Sipple
Batting: RHB Conor Culver 0-0: Ball
1-0: Called Strike
1-1: Swinging Strike
1-2: Strikes out swinging
Batting: RHB Bill Richmond 0-0: Foul Ball, location: 2F
0-1: Fly out, F7 (Flyball, 7)
Batting: RHB José Ortega 0-0: DOUBLE (Line Drive, 9LM)
Batting: RHB Kian Curling 0-0: Called Strike
0-1: Ball
1-1: Ball
2-1: SINGLE (Line Drive, 34D)
José Ortega to third
Batting: RHB Joshua Neal 0-0: Foul Ball, location: 2F
0-1: Foul Ball, location: 2F
0-2: Ball
1-2: Strikes out looking
Bottom of the 4th over - 0 runs, 2 hits, 0 errors, 2 left on base; Newcastle 2 - Germantown 2
TOP OF THE 5TH
Newcastle Mermen batting - Pitching for Germantown Uruguayans : RHP Owen Schultz
Batting: RHB Roberto Díaz 0-0: Ball
1-0: Called Strike
1-1: Ball
2-1: Fly out, F8 (Flyball, 89D)
Batting: RHB Arthur Coonse 0-0: Called Strike
0-1: Called Strike
0-2: Strikes out swinging
Batting: RHB Tom Matthews 0-0: Ball
1-0: Called Strike
1-1: Ground out 5-3 (Groundball, 56)
Top of the 5th over - 0 runs, 0 hits, 0 errors, 0 left on base; Newcastle 2 - Germantown 2
BOTTOM OF THE 5TH
Germantown Uruguayans batting - Pitching for Newcastle Mermen : RHP Billy Sipple
Batting: RHB Alain Grosjean 0-0: Ball
1-0: Ball
2-0: Ground out 4-3 (Groundball, 4)
Batting: RHB Meester Gobbles-Rooster 0-0: Called Strike
0-1: SINGLE (Flyball, 7S)
Batting: LHB Felipe Dávila 0-0: Called Strike
0-1: SINGLE (Groundball, 4MD)
Meester Gobbles-Rooster to second
Batting: LHB Juan Gutiérrez 0-0: Fly out, F7 (Flyball, 7LS)
Batting: RHB Conor Culver 0-0: Fly out, F6 (Line Drive, 6)
Bottom of the 5th over - 0 runs, 2 hits, 0 errors, 2 left on base; Newcastle 2 - Germantown 2
TOP OF THE 6TH
Newcastle Mermen batting - Pitching for Germantown Uruguayans : RHP Owen Schultz
Batting: SHB José García 0-0: SINGLE (Groundball, 5D)
Batting: LHB Carlos Guzmán 0-0: Sac Bunt - play at first, batter OUT! 1-4
José García to second
Batting: RHB Seung-hwan Pak 0-0: Ball
1-0: Foul Ball, location: 2F
1-1: SINGLE (Line Drive, 34)
José García to third
Batting: LHB Jorge Castillo 0-0: Ball
1-0: Ball
2-0: Foul Ball, location: 2F
2-1: Swinging Strike
2-2: Strikes out looking
Batting: RHB Jasa Anastasijevic 0-0: Called Strike
0-1: Fly out, F7 (Flyball, 7)
Top of the 6th over - 0 runs, 2 hits, 0 errors, 2 left on base; Newcastle 2 - Germantown 2
BOTTOM OF THE 6TH
Germantown Uruguayans batting - Pitching for Newcastle Mermen : RHP Billy Sipple
Batting: RHB Bill Richmond 0-0: Called Strike
0-1: Called Strike
0-2: Ground out 5-3 (Groundball, 56)
Batting: RHB José Ortega 0-0: Called Strike
0-1: Fly out, F8 (Flyball, 8LD)
Batting: RHB Kian Curling 0-0: Called Strike
0-1: Called Strike
0-2: Ball
1-2: Ball
2-2: Ball
3-2: Fly out, F9 (Flyball, 89S)
Bottom of the 6th over - 0 runs, 0 hits, 0 errors, 0 left on base; Newcastle 2 - Germantown 2
TOP OF THE 7TH
Newcastle Mermen batting - Pitching for Germantown Uruguayans : RHP Owen Schultz
Batting: RHB Jesús Amengual 0-0: Ground out U3 (Groundball, 34S)
Batting: RHB Roberto Díaz 0-0: Swinging Strike
0-1: Ball
1-1: Swinging Strike
1-2: Ball
2-2: Strikes out swinging
Batting: RHB Arthur Coonse 0-0: Called Strike
0-1: Foul Ball, location: 2F
0-2: Strikes out swinging, 2-3 out at first.
Top of the 7th over - 0 runs, 0 hits, 0 errors, 0 left on base; Newcastle 2 - Germantown 2
BOTTOM OF THE 7TH
Germantown Uruguayans batting - Pitching for Newcastle Mermen : RHP Billy Sipple
Batting: RHB Joshua Neal 0-0: Called Strike
0-1: Called Strike
0-2: Ball
1-2: Foul Ball, location: 2F
1-2: Fly out, F7 (Flyball, 7S)
Pitching: RHP Sjaak van Houten
Batting: RHB Alain Grosjean 0-0: DOUBLE (Flyball, 8LXD)
Batting: RHB Meester Gobbles-Rooster 0-0: SINGLE (Flyball, 8LS)
Alain Grosjean to third
Runner from 3rd tries for Home, SAFE, no throw
Batting: LHB Felipe Dávila 0-0: Grounds into double play, 6-4-3 (Groundball, 6)
Bottom of the 7th over - 1 run, 2 hits, 0 errors, 0 left on base; Newcastle 2 - Germantown 3
TOP OF THE 8TH
Newcastle Mermen batting - Pitching for Germantown Uruguayans : RHP Owen Schultz
Batting: RHB Tom Matthews 0-0: Fly out, F7 (Line Drive, 78D)
Batting: SHB José García 0-0: Called Strike
0-1: Called Strike
0-2: Ball
1-2: Strikes out swinging
Batting: LHB Carlos Guzmán 0-0: Ball
1-0: SINGLE (Line Drive, 89S)
Batting: RHB Seung-hwan Pak 0-0: Ball
1-0: Fly out, F3 (Popup, 3F)
Top of the 8th over - 0 runs, 1 hit, 0 errors, 1 left on base; Newcastle 2 - Germantown 3
BOTTOM OF THE 8TH
Germantown Uruguayans batting - Pitching for Newcastle Mermen : RHP Sjaak van Houten
Batting: LHB Juan Gutiérrez 0-0: Ball
1-0: Called Strike
1-1: Ball
2-1: Swinging Strike
2-2: Strikes out swinging
Batting: RHB Conor Culver 0-0: Ball
1-0: Foul Ball, location: 2F
1-1: Ball
2-1: Called Strike
2-2: Strikes out swinging
Batting: RHB Bill Richmond 0-0: Ball
1-0: Fly out, F7 (Flyball, 78M)
Bottom of the 8th over - 0 runs, 0 hits, 0 errors, 0 left on base; Newcastle 2 - Germantown 3
TOP OF THE 9TH
Newcastle Mermen batting - Pitching for Germantown Uruguayans : RHP Owen Schultz
Batting: LHB Jorge Castillo 0-0: Called Strike
0-1: Ball
1-1: Called Strike
1-2: Ball
2-2: Strikes out swinging
Pinch Hitting: RHB Garm van Opdorp 0-0: Swinging Strike
0-1: Foul Ball, location: 2F
0-2: Ball
1-2: Ball
2-2: Foul Ball, location: 2F
2-2: Strikes out looking
Pinch Hitting: RHB Katsuyuki Nakamura 0-0: Ball
1-0: Ball
2-0: Ground out 5-3 (Groundball, 56)
Top of the 9th over - 0 runs, 0 hits, 0 errors, 0 left on base; Newcastle 2 - Germantown 3
Saturday, December 22nd, 2018 - OOTP Baseball 18.8 Build 76